 Dungeon Crawl Stone Soup version 0.27.1-1-g398f81649c (webtiles) character file.

Game seed: 9362794919906854449

151 Tsarbomb the Chopper (level 5, -7/33 (45) HPs)
             Began as a Hill Orc Monk on Sept 6, 2021.
             Was an Elder of Jiyva.
             Mangled by an iguana (8 damage)
             ... on level 5 of the Dungeon.
             The game lasted 00:12:16 (5068 turns).

Tsarbomb the Chopper (Hill Orc Monk)                Turns: 5068, Time: 00:12:16

HP:   -7/33 (45)    AC:  8    Str: 20    XL:     5   Next: 33%
MP:   5/5           EV:  8    Int:  8    God:    Jiyva [****..]
Gold: 44            SH:  0    Dex: 10    Spells: 4/4 levels left

rFire    . . .     SeeInvis .   a - +0 hand axe
rCold    . . .     Faith    .   (no shield)
rNeg     . . .     Spirit   .   k - +0 chain mail
rPois    +         Reflect  .   (no helmet)
rElec    .         Harm     .   (no cloak)
rCorr    +         Rampage  .   (no gloves)
Will     .....                  (no boots)
Stlth    ..........             (no amulet)
HPRegen  0.11/turn              (no ring)
MPRegen  0.09/turn              (no ring)

@: very heavily drained
A: poison resistance, translucent skin 1
a: Renounce Religion, Request Jelly, Slimify


You were on level 5 of the Dungeon.
You worshipped Jiyva.
Jiyva was greatly pleased with you.
You visited 1 branch of the dungeon, and saw 5 of its levels.

You collected 44 gold pieces.

Inventory:

Hand Weapons
 a - a +0 hand axe (weapon)
Missiles
 e - 83 stones (quivered)
Armour
 b - a +0 robe
 k - a +0 chain mail (worn)
Jewellery
 i - a ring of fire
Scrolls
 c - a scroll of fear {unknown}
 d - a scroll of brand weapon {unknown}
 f - a scroll of immolation {unknown}
 j - 2 scrolls of identify {unknown}
 l - a scroll of teleportation {unknown}
 n - a scroll of enchant armour {unknown}
 o - 2 scrolls of noise {unknown}
Potions
 g - a potion of might {unknown}
 h - a potion of attraction {unknown}
 m - a potion of magic {unknown}


   Skills:
 - Level 3.6 Fighting
 + Level 7.7 Axes
 - Level 2.4 Dodging
 - Level 1.5 Stealth


You had 4 spell levels left.
You didn't know any spells.
Your spell library contained the following spells:

 Spells                   Type           Power      Damage    Failure   Level
 Shock                    Conj/Air       0%         1d3       99%         1
 Summon Guardian Golem    Hex/Summ       0%         N/A       100%        3
 Swiftness                Air            0%         N/A       100%        3
 Airstrike                Air            0%         N/A       100%        4
 Orb of Destruction       Conj           0%         N/A       100%        7
 Spellforged Servitor     Conj/Summ      0%         N/A       100%        7


Dungeon Overview and Level Annotations

Branches:
Dungeon (5/15)
 Temple: D:4-7

Altars:
Kikubaaqudgha
Wu Jian
Jiyva

Annotations:
D:3 exclusion: downstairs
D:5 exclusion: upstairs


Innate Abilities, Weirdness & Mutations

Your system is resistant to poisons. (rPois)
Your translucent skin slightly reduces your foes' accuracy. (Stealth+)


Message History

You are too injured to fight recklessly!
You are too injured to fight recklessly!
You are too injured to fight recklessly!
You are too injured to fight recklessly!
You are too injured to fight recklessly!
You are too injured to fight recklessly!
You are too injured to fight recklessly!
You are too injured to fight recklessly!
You are too injured to fight recklessly!
You are too injured to fight recklessly!
You are too injured to fight recklessly!
You are too injured to fight recklessly!
You are too injured to fight recklessly!
You are too injured to fight recklessly!
You are too injured to fight recklessly!
You are too injured to fight recklessly!
You are too injured to fight recklessly!
You are too injured to fight recklessly!
You are too injured to fight recklessly!
You are too injured to fight recklessly!
You hit the iguana.
The iguana is almost dead.
The iguana closely misses you.
You closely miss the iguana.
The iguana is almost dead.
The iguana bites you!
* * * LOW HITPOINT WARNING * * *
You hit the iguana.
The iguana is almost dead.
The iguana barely misses you.
You closely miss the iguana.
The iguana is almost dead.
The iguana bites you.
* * * LOW HITPOINT WARNING * * *
You barely miss the iguana.
The iguana is almost dead.
You hit the iguana but do no damage.
The iguana is almost dead.
The iguana bites you!
You die...

####### ####### ......# #.....#
......####.....####
.........'.........
......####.....### ......#
#.......# . ###.#########....#
... ........# #....##.....
........# ###.@....... ........#
#..l...... ........# #.........
.#.#.#.## #......##+## .#.#<#.#
#......##..# .#...#.#
#......##..# ###.#.#
###########..# ##### #.#.#
#........##..###...#
.###.#.######....)...##...##...#


You could see an iguana.

Vanquished Creatures
  An orc wizard (D:3)
  3 adders
  4 gnolls
  An adder skeleton (D:4)
  3 dart slugs
  2 orcs (D:3)
  7 ball pythons
  6 bats
  3 endoplasms
  4 giant cockroaches
  9 goblins
  5 hobgoblins
  7 kobolds
  2 quokkas (D:1)
  7 frilled lizards
  A rat (D:1)
65 creatures vanquished.

Vanquished Creatures (others)
  An ogre (D:4)
  A water moccasin skeleton (D:4)
  4 jellies
  An orc priest (D:4)
  2 orc wizards (D:4)
  3 gnolls (D:2)
  2 adders (D:2)
  An ufetubus (D:4)
  4 orcs
  2 endoplasms (D:4)
  A giant cockroach (D:2)
  4 goblins
  2 hobgoblins
  2 kobolds
  A ball python (D:3)
  A bat (D:2)
  A frilled lizard (D:2)
  2 plants (D:1)
35 creatures vanquished.

Grand Total: 100 creatures vanquished

Notes
Turn   | Place    | Note
-------+----------+-------------------------------------------
     0 | D:1      | Tsarbomb the Hill Orc Monk began the quest for the Orb.
     0 | D:1      | Reached XP level 1. HP: 19/19 MP: 1/1
   366 | D:1      | Reached XP level 2. HP: 26/26 MP: 2/2
   505 | D:1      | Reached skill level 5 in Axes
  1157 | D:1      | Reached XP level 3. HP: 24/31 MP: 3/3
  1828 | D:2      | Reached skill level 6 in Axes
  2033 | D:2      | Found a faded altar of an unknown god.
  2067 | D:2      | Became a worshipper of Jiyva Joithax the Shapeless
  2067 | D:2      | Reached * piety under Jiyva
  2067 | D:2      | Reached ** piety under Jiyva
  2183 | D:2      | Reached *** piety under Jiyva
  2345 | D:1      | Reached XP level 4. HP: 18/39 MP: 4/4
  3282 | D:2      | Gained mutation: Your translucent skin slightly reduces
                  | your foes' accuracy. (Stealth+) [Jiyva's grace]
  3513 | D:3      | Reached skill level 7 in Axes
  3578 | D:3      | Reached **** piety under Jiyva
  4097 | D:3      | Found an ornate altar of the Wu Jian Council.
  4258 | D:3      | Found an ancient bone altar of Kikubaaqudgha.
  4360 | D:3      | Reached XP level 5. HP: 17/31 MP: 5/5
  4585 | D:4      | Killed an ogre
  4668 | D:4      | Noticed an ogre
  4707 | D:4      | Gained mutation: Your system is resistant to poisons.
                  | (rPois) [Jiyva's grace]
  4715 | D:5      | Entered Level 5 of the Dungeon
  4892 | D:5      | Noticed a sky beast
  4902 | D:5      | Slimified a sky beast
  4902 | D:5      | Noticed a slime creature
  4902 | D:5      | a sky beast changed into a slime creature
  5066 | D:5      | HP: 1/33 [iguana (6)]
  5068 | D:5      | Mangled by an iguana

Illustrated notes

Levels and vault maps discovered:
D:1:      tarquinn_simple_flora_water_b, layout_basic
D:2:      layout_basic, ebering_ecumenical_altar_abandoned,
          kennysheep_decorative_pillar
D:3:      layout_loops_ring, overflow_temple_1_default,
          nicolae_wu_jian_immortal_techniques
D:4:      minmay_chambers_of_twos, layout_rooms
D:5:      layout_basic

Skill      XL: |  1  2  3  4 |
---------------+-------------+-----
Axes           | 5 6 7 |  7.7
Fighting       | |  3.6
Dodging        | |  2.4
Stealth        | |  1.5

Action                   |  1- 3 |  4- 6 || total
-------------------------+-------+-------++-------
Melee: Hand axe          |   135 |   152 ||   287
Invok: Request Jelly     |     1 |     2 ||     3
       Slimify           |       |     1 ||     1
 Stab: Sleeping          |     2 |       ||     2
       Distracted        |       |     1 ||     1
Armor: Robe              |    11 |       ||    11
       Chain mail        |    29 |    80 ||   109
Dodge: Dodged            |    55 |    51 ||   106
